 Dungeon Crawl Stone Soup version 0.29.1-1-gd02db6906a (webtiles) character file.

Game seed: 10564237867784702897

8 112233 the Gusty (level 2, -2/22 HPs)
             Began as a Naga Air Elementalist on Oct 11, 2022.
             Slain by an adder (3 damage)
             ... on level 2 of the Dungeon.
             The game lasted 00:00:45 (616 turns).

112233 the Gusty (Naga Air Elementalist)             Turns: 616, Time: 00:00:46

Health: -2/22      AC:  1    Str: 10    XL:     2   Next: 8%
Magic:  4/5        EV:  9    Int: 15    God:
Gold:   30         SH:  0    Dex: 11    Spells: 4/5 levels left

rFire   . . .      SeeInvis +   c - +0 hand axe
rCold   . . .      Faith    .   (no shield)
rNeg    . . .      Spirit   .   a - +0 robe
rPois   +          Reflect  .   (no helmet)
rElec   .          Harm     .   (no cloak)
rCorr   .          Rampage  .   (no gloves)
Will    .....                   (no barding)
Stlth   ++........              (no amulet)
HPRegen 0.07/turn               (no ring)
MPRegen 0.09/turn               (no ring)

@: short of breath, very slow
A: AC +0, large, see invisible, deformed body, poison resistance, slowness 2,
spit poison 1, naga tail 1
a: Spit Poison


You were on level 2 of the Dungeon.
You visited 1 branch of the dungeon, and saw 2 of its levels.

You collected 30 gold pieces.

Inventory:

Hand Weapons
 c - a +0 hand axe (weapon)
Armour
 a - a +0 robe (worn)


   Skills:
 - Level 1.5 Dodging
 - Level 3.0 Stealth
 + Level 2.3 Spellcasting
 - Level 1.0 Conjurations
 + Level 3.3 Air Magic


You had 4 spell levels left.
You knew the following spells:

 Your Spells              Type           Power      Damage    Failure   Level
a - Shock                 Conj/Air       32%        1d5       9%          1

Your spell library contained the following spells:

 Spells                   Type           Power      Damage    Failure   Level
 Static Discharge         Conj/Air       8%         3-4/arc   14%         2
 Swiftness                Air            11%        N/A       17%         3
 Airstrike                Air            5%         2d(1-17)  50%         4


Dungeon Overview and Level Annotations

Branches:
Dungeon (2/15)

Altars:


Innate Abilities, Weirdness & Mutations

Your serpentine skin is tough. (AC +0)
You have supernaturally acute eyesight. (SInv)
Armour fits poorly on your strangely shaped body.
Your system is resistant to poisons. (rPois)
You cover ground very slowly.
You can spit poison.
You have a snake-like lower body.


Message History

The adder bites you. x2
Unknown command.
Unknown command.
You are too injured to fight recklessly!
Unknown command.
You are too injured to fight recklessly!
You are too injured to fight recklessly!
Unknown command.
Unknown command.
You hit the adder but do no damage.
The adder is heavily wounded.
The adder bites you.
* * * LOW HITPOINT WARNING * * *
Aiming: Spit Poison (2% risk of failure)
Press: ? - help, Shift-Dir - straight line, f/p - adder
Aim: an adder (heavily wounded, 37% to hit)
The splash of poison misses the adder.
The adder bites you.
* * * LOW HITPOINT WARNING * * *
The adder bites you.
* * * LOW HITPOINT WARNING * * *
Magic courses through your body. The adder bites you but does no damage.
Unknown command.
Casting: Shock (safe; 9% risk of failure)
Confirm with . or Enter, or press ? or * to list all spells.
Aiming: Shock (safe; 9% risk of failure)
Press: ? - help, Shift-Dir - straight line, f/p - adder
Aim: an adder (heavily wounded, 48% to hit)
The zap hits the adder.
The adder is severely wounded.
The adder bites you.
* * * LOW HITPOINT WARNING * * *
Casting: Shock (safe; 9% risk of failure)
Confirm with . or Enter, or press ? or * to list all spells.
Aiming: Shock (safe; 9% risk of failure)
Press: ? - help, Shift-Dir - straight line, f/p - adder
Aim: an adder (severely wounded, 48% to hit)
The zap hits the adder.
The adder is almost dead.
The adder bites you.
You die...

#..P......#...PP.P..##
#....P...P_P.....PP.#
#..P...PP.#..P.P..P.###
#P..P...#P...P..##...
#.P..P..#P......#..#.
#.###..PP#....###..##.
#.#########.#...##.
####........###.#)##.
#...@...###. #.#.##.
#.#.S...# # #.##. #
#.##..# #.### .. ....
#.# .#. .#### #.# ..#.
# .# #. #. #.


You could see an adder.

Vanquished Creatures
  A dart slug (D:2)
  2 goblins
  A hobgoblin (D:1)
  A bat (D:1)
  A kobold (D:1)
6 creatures vanquished.

Vanquished Creatures (others)
  15 plants (D:1)
15 creatures vanquished.

Grand Total: 21 creatures vanquished

Notes
Turn   | Place    | Note
-------+----------+-------------------------------------------
     0 | D:1      | 112233 the Naga Air Elementalist began the quest for the
                  | Orb.
     0 | D:1      | Reached XP level 1. HP: 15/15 MP: 3/3
   391 | D:2      | Reached XP level 2. HP: 22/22 MP: 0/5
   581 | D:2      | Found a faded altar of an unknown god.
   615 | D:2      | HP: 1/22 [adder (2)]
   616 | D:2      | Slain by an adder

Illustrated notes

Levels and vault maps discovered:
D:1:      roderic_crop_circles_arrival_small, layout_basic, minmay_statues_item
D:2:      layout_basic, shapermc_ecumenical_altar_gd, serial_bayou_lake_a

Action                   || total
-------------------------++-------
Melee: Hand axe          ||     6
 Cast: Shock             ||    20
 Abil: Spit Poison       ||     1
  Use: Potion            ||     1
Armor: Robe              ||     1
Dodge: Dodged            ||     7
